 Dungeon Crawl Stone Soup version 0.24-a0-459-g225fefd530 (webtiles) character file.

Game seed: 10058684153389501819

77 Mrkan the Ruffian (level 4, -1/44 HPs)
             Began as a Troll Abyssal Knight on June 29, 2019.
             Was a Follower of Lugonu.
             Slain by an ice beast (13 damage)
             ... on level 5 of the Dungeon.
             The game lasted 00:03:17 (1870 turns).

Mrkan the Ruffian (Troll Abyssal Knight)            Turns: 1870, Time: 00:03:17

Health: -1/44      AC:  6    Str: 20    XL:     4   Next: 14%
Magic:  4/4        EV: 10    Int:  8    God:    Lugonu [*.....]
Gold:   76         SH:  0    Dex: 10    Spells: 3/3 levels left

rFire    . . .     SeeInvis .     - Unarmed
rCold    . . .     Gourm    +   (no shield)
rNeg     . . .     Faith    .   a - +0 robe
rPois    .         Spirit   .   (helmet restricted)
rElec    .         Reflect  .   (no cloak)
rCorr    .         Harm     .   (gloves unavailable)
MR       .....                  (boots unavailable)
Stlth    +.........             (no amulet)
HPRegen  0.54/turn              (no ring)
MPRegen  0.09/turn              (no ring)

@: no status effects
A: large, unfitting armour, claws 3, fast metabolism 3, gourmand, regeneration
1, shaggy fur 1, tough skin 3
a: Depart the Abyss, Renounce Religion


You were on level 5 of the Dungeon.
You worshipped Lugonu.
Lugonu was aware of your devotion.
You were very full.

You visited 1 branch of the dungeon, and saw 4 of its levels.
You visited the Abyss 1 time.

You collected 76 gold pieces.

Inventory:

Missiles
 c - 7 boomerangs (quivered)
 m - 30 stones
Armour
 a - a +0 robe (worn)
Jewellery
 g - an uncursed amulet of the acrobat {unknown}
Scrolls
 d - a scroll of enchant weapon {unknown}
 e - 3 scrolls of identify {unknown}
 f - a scroll of teleportation {unknown}
 h - 2 scrolls of blinking {unknown}
 l - a scroll of remove curse {unknown}
Potions
 i - a potion of brilliance {unknown}
 j - a potion of resistance {unknown}
 k - a potion of heal wounds {unknown}
Comestibles
 b - 6 rations


   Skills:
 - Level 2.4 Fighting
 - Level 1.9 Dodging
 * Level 3.8 Unarmed Combat
 + Level 2.5 Invocations


You had 3 spell levels left.
You didn't know any spells.
Your spell library was empty.

Dungeon Overview and Level Annotations

Branches:
Dungeon (3/15)

Altars:


Innate Abilities, Weirdness & Mutations

You are too large for most types of armour.
You have claws for hands.
Your metabolism is lightning-fast.
You like to eat raw meat.
Your natural rate of healing is unusually fast.
You are covered in fur. (AC +1)
You have extremely tough skin. (AC +3)


Message History

The ice beast hits you but does no damage.
You barely miss the ice beast. You claw the ice beast.
The ice beast is moderately wounded.
The ice beast hits you. The ice beast freezes you!
You closely miss the ice beast.
The ice beast is moderately wounded.
The ice beast hits you. The ice beast freezes you!
* * * LOW HITPOINT WARNING * * *
You mangle the ice beast!!
The ice beast is almost dead.
The ice beast closely misses you.
You scratch the ice beast but do no damage.
The ice beast is almost dead.
The ice beast hits you but does no damage.
You closely miss the ice beast.
The ice beast is almost dead.
The ice beast hits you.
* * * LOW HITPOINT WARNING * * *
The ice beast freezes you!
You die...

### ###.## #....#
##....# ####.....##
###....#..Y@# .$.
#.........###
....##..........#
....#.......#.....#
............#.......#
..............###...#
.........#.....# ..##
........$#.##......#
..........###..##. #


You could see an ice beast.

Vanquished Creatures
  A worker ant (D:2)
  3 worms
  2 dart slugs
  2 ball pythons
  2 bats (D:1)
  2 giant cockroaches (D:1)
  A goblin (D:1)
  6 hobgoblins
  6 kobolds
  2 quokkas
  5 frilled lizards
  9 rats
41 creatures vanquished.

Notes
Turn   | Place    | Note
-------+----------+-------------------------------------------
     0 | Abyss:1  | Mrkan the Troll Abyssal Knight began the quest for the Orb.
     0 | Abyss:1  | Reached XP level 1. HP: 22/22 MP: 1/1
    97 | Abyss:2  | Noticed a spatial vortex
   106 | Abyss:2  | Noticed a thrashing horror
   106 | Abyss:2  | Noticed a spatial vortex
   108 | Abyss:2  | Noticed a spatial vortex
   108 | Abyss:2  | Noticed a spatial maelstrom
   109 | Abyss:2  | Noticed a spatial vortex
   110 | D:1      | Escaped the Abyss
   309 | D:1      | Reached * piety under Lugonu
   309 | D:1      | Reached XP level 2. HP: 20/29 MP: 2/2
   635 | D:1      | Reached skill level 3 in Unarmed Combat
   825 | D:2      | Reached XP level 3. HP: 36/36 MP: 3/3
  1213 | D:2      | Found a faded altar of an unknown god.
  1769 | D:3      | Reached XP level 4. HP: 44/44 MP: 4/4
  1841 | D:3      | You fall into a shaft and drop 2 floors!
  1841 | D:5      | Entered Level 5 of the Dungeon
  1845 | D:5      | Noticed an ice beast
  1870 | D:5      | Slain by an ice beast

Levels and vault maps discovered:
D:1:      lightli_molten_gateway, layout_loops_ring
D:2:      layout_basic, chequers_ecumenical_altar_grove
D:3:      layout_loops_ring, tso_metal_star, first_ration,
          chequers_decorated_corner
D:5:      layout_cave_pools, serial_shops, shop, nicolae_ossuary_entry_plus

Skill      XL: |  1  2 |
---------------+-------+-----
Invocations    | 2 |  2.5
Unarmed Combat | 3 |  3.8
Fighting       | |  2.4
Dodging        | |  1.9

Action                   |  1- 3 |  4- 6 || total
-------------------------+-------+-------++-------
Melee: Unarmed           |   115 |    20 ||   135
       Punch             |     1 |     1 ||     2
Invok: Depart the Abyss  |     1 |       ||     1
 Stab: Sleeping          |     1 |       ||     1
  Eat: Chunk             |    19 |     2 ||    21
Armor: Robe              |    35 |     4 ||    39
Dodge: Dodged            |    53 |     4 ||    57

Table legend:
 A = Non-vault XP
 B = Vault XP
 C = Vault XP percentage of total XP
 D = Non-vault monster count
 E = Vault monster count
 F = Vault count percentage of total count
                 A         B        C        D         E       F
            +---------+---------+-------+---------+---------+-------
      Total |     111 |       0 |   0.0 |      41 |       0 |   0.0
            +---------+---------+-------+---------+---------+-------
        D:1 |      38 |       0 |   0.0 |      23 |       0 |   0.0
        D:2 |      55 |       0 |   0.0 |      10 |       0 |   0.0
        D:3 |      18 |       0 |   0.0 |       8 |       0 |   0.0
            +---------+---------+-------+---------+---------+-------
